 Dungeon Crawl Stone Soup version 0.30.1-4-g462c640d31 (webtiles) character file.

Game seed: 5909427698167874645

7048 HagarQim the Fighter (level 10, 0/94 HPs)
             Began as a Minotaur Fighter on Sept 13, 2023.
             Was an Initiate of Gozag.
             Slain by a vault guard
             ... wielding a +0 broad axe
              (7 damage)
             ... in a bailey.
             The game lasted 00:20:45 (6654 turns).

HagarQim the Fighter (Minotaur Fighter)             Turns: 6654, Time: 00:20:46

Health: 0/94       AC: 12    Str: 25    XL:     10   Next: 83%
Magic:  9/9        EV: 12    Int:  8    God:    Gozag
Gold:   807        SH:  6    Dex: 12    Spells: 9/9 levels left

rFire   . . .        t - +8 rapier of Infection {freeze, *Corrode Str+2 Int+3}
rCold   . . .        u - +1 buckler {reflect}
rNeg    . . .        b - +0 scale mail
rPois   .            (helmet restricted)
rElec   .            (no cloak)
rCorr   .            i - +0 pair of gloves
SInv    .            d - +1 pair of boots
Will    .....        (no amulet) Stlth
                     (no ring)
HPRegen 0.35/turn    (no ring)
MPRegen 0.11/turn

%: corrode self (3%), reflection
@: no status effects
A: horns 2, retaliatory headbutt
a: Renounce Religion, Potion Petition, Call Merchant, Bribe Branch


You were in a bailey.
You worshipped Gozag.
Gozag was pleased with you.
You visited 2 branches of the dungeon, and saw 10 of its levels.
You also visited: Sewer and Bailey.

You collected 1568 gold pieces.
You paid 761 gold pieces to Gozag.

Inventory:

Hand Weapons
 a - a +0 long sword
 g - a +0 rapier of holy wrath
 h - a +0 vampiric dagger
 l - a +2 heavy hand axe
 o - a +0 whip of holy wrath
 q - a +3 dagger
 s - a +1 mace of holy wrath
 t - the +8 rapier of Infection (weapon) {freeze, *Corrode Str+2 Int+3}
   (You found it on level 3 of the Dungeon)

   Str:       It affects your strength (+2).
   Int:       It affects your intelligence (+3).
   *Corrode:  It may corrode you when you take damage.
 y - a +1 scythe of holy wrath
Armour
 b - a +0 scale mail (worn)
 d - a +1 pair of boots (worn)
 i - a +0 pair of gloves (worn)
 u - a +1 buckler of reflection (worn)
Wands
 x - a wand of light (12)
Scrolls
 f - 4 scrolls of teleportation
 j - 4 scrolls of enchant weapon
 p - a scroll of blinking
 A - a scroll of fear
 E - a scroll of summoning
Potions
 c - 2 potions of flight
 e - a potion of invisibility
 k - 2 potions of ambrosia
 m - a potion of resistance {unknown}
 n - a potion of lignification {unknown}
 r - 2 potions of heal wounds
 v - a potion of magic {unknown}
 w - 3 potions of mutation {unknown}
 z - 2 potions of haste
 B - a potion of cancellation {unknown}
 C - 2 potions of brilliance {unknown}
 D - a potion of berserk rage {unknown}


   Skills:
 * Level 10.6 Fighting
 + Level 9.4(9.7) Short Blades
 + Level 3.6(7.5) Long Blades
 + Level 3.2 Maces & Flails
 + Level 9.8 Armour
 * Level 5.8 Dodging
 + Level 1.3 Stealth
 + Level 7.5 Shields


You had 9 spell levels left.
You didn't know any spells.
Your spell library contained the following spells:

 Spells                   Type           Power      Damage    Failure   Level
 Kiss of Death            Conj/Necr      0%         2d5       71%         1
 Confusing Touch          Hex            0%         N/A       97%         3
 Hailstorm                Conj/Ice       0%         3d3       97%         3
 Stone Arrow              Conj/Erth      0%         3d7       97%         3
 Animate Armour           Summ/Erth      0%         N/A       100%        4
 Dispel Undead            Necr           0%         3d6       100%        4
 Ice Form                 Ice/Tmut       0%         N/A       100%        4
 Lehudib's Crystal Spear  Conj/Erth      0%         10d2      100%        8
 Simulacrum               Ice/Necr       Unusable   N/A       N/A         6

Dungeon Overview and Level Annotations

Branches:
Dungeon (10/15)            Temple (1/1) D:6           Sewer (visited)
 Bailey (1/1)
   Lair: D:8-11         Orc: D:9-12

Altars:
Ashenzari
Fedhas
Gozag
Okawaru
Qazlal
Vehumet
Xom

Shops:
D:5 :


Innate Abilities, Weirdness & Mutations

You have a pair of horns on your head.
You reflexively headbutt those who attack you in melee.


Message History

Your headbutt misses the vault guard.
The vault guard is severely wounded.
You hit the vault guard but do no damage.
The vault guard is severely wounded.
The vault guard hits you but does no damage.
You barely miss the vault guard.
The vault guard is severely wounded.
The vault guard hits you with a +0 broad axe!
You hit the vault guard. You freeze the vault guard.
The vault guard is severely wounded.
The vault guard hits you with a +0 broad axe!
You barely miss the vault guard.
The vault guard is severely wounded.
You hit the vault guard but do no damage.
Your headbutt misses the vault guard.
The vault guard is severely wounded.
The vault guard hits you with a +0 broad axe!
You closely miss the vault guard.
The vault guard is severely wounded.
The vault guard hits you with a +0 broad axe!!
You closely miss the vault guard.
The vault guard is severely wounded.
You hit the vault guard but do no damage.
The vault guard is severely wounded.
The vault guard hits you with a +0 broad axe!!
* * * LOW HITPOINT WARNING * * *
You closely miss the vault guard.
The vault guard is severely wounded.
The vault guard hits you with a +0 broad axe!
* * * LOW HITPOINT WARNING * * *
You hit the vault guard. You freeze the vault guard.
The vault guard is severely wounded.
The vault guard hits you but does no damage.
You puncture the vault guard! You freeze the vault guard.
The vault guard is almost dead.
You barely miss the vault guard.
The vault guard is almost dead.
The vault guard hits you with a +0 broad axe!
You die...
Your body crumbles into a pile of gold.

#..∩..#
###.....###
##≈##...##~##
##≈~~##)##~~~##
#≈~~.......~~~#
##≈~~~...~.....##
#≈~~~...~.~~≈≈≈.#
#≈~~~...~~~≈###'#
#≈~~~....~≈##~@.#
#≈~~~...~~≈#~p.~#
#≈~~~~..~≈##..~##
##≈~~~~.~≈#!..~#
#≈~≈≈~.~≈#?.~##
##≈##≈.~≈####
####≈..~≈#
+..#≈.)~≈# +#
##..###'###


You could see a vault guard.

Vanquished Creatures
  A vault guard (Bailey)
  A deep elf pyromancer (D:10)
  Prince Ribbit (Bailey)
  Grinder (D:5)
  Sigmund (D:6)
  A wraith (D:10)
  2 wyverns (D:7)
  5 yaks (D:10)
  5 humans (Bailey)
  A steam dragon (D:5)
  Duvessa (D:5)
  2 water moccasins
  A sky beast (D:6)
  An orc warrior (D:10)
  4 black bears
  2 centaurs
  2 ogres
  12 bullfrogs
  4 scorpions
  4 wights (D:4)
  Dowan (D:5)
  5 killer bees
  2 hounds
  3 orc priests (D:10)
  A sleepcap (D:5)
  2 jellies
  Terence (D:3)
  3 iguanas
  5 orc wizards
  8 gnolls
  14 adders
  5 river rats
  3 ufetubi
  3 worms
  16 orcs
  21 ball pythons
  5 bats
  7 endoplasms
  8 giant cockroaches
  10 goblins
  4 hobgoblins
  5 jackals
  7 kobolds
  8 quokkas
  3 frilled lizards (Sewer)
  18 rats
220 creatures vanquished.

Vanquished Creatures (others)
  An orc wizard (D:7)
1 creature vanquished.

Grand Total: 221 creatures vanquished

Notes
Turn   | Place    | Note
-------+----------+-------------------------------------------
     0 | D:1      | HagarQim the Minotaur Fighter began the quest for the Orb.
     0 | D:1      | Reached XP level 1. HP: 19/19 MP: 0/0
   170 | D:1      | Reached XP level 2. HP: 26/27 MP: 1/1
   250 | D:1      | Found a faded altar of an unknown god.
   327 | D:1      | Reached skill level 4 in Fighting
   620 | D:1      | Prayed at the altar of an unknown god.
   620 | D:1      | Became a worshipper of Gozag Ym Sagoz the Greedy
   747 | D:2      | Found a blossoming altar of Fedhas.
   819 | D:2      | Reached XP level 3. HP: 32/33 MP: 2/2
   974 | D:2      | Reached skill level 1 in Maces & Flails
  1342 | D:3      | Reached XP level 4. HP: 40/40 MP: 3/3
  1401 | D:3      | Identified the +8 rapier of Infection {freeze, *Corrode
                  | Str+2 Int+3}
  1578 | D:3      | Noticed Terence
  1584 | D:3      | Killed Terence
  1586 | D:3      | Reached XP level 5. HP: 30/47 MP: 4/4
  1762 | D:3      | Reached skill level 1 in Short Blades
  1832 | D:3      | Reached skill level 1 in Dodging
  1874 | D:3      | Reached XP level 6. HP: 52/53 MP: 5/5
  2307 | D:4      | Reached skill level 5 in Fighting
  2311 | D:4      | Reached skill level 5 in Armour
  2407 | D:4      | Found a shimmering altar of Xom.
  2611 | D:4      | Reached XP level 7. HP: 55/61 MP: 6/6
  2982 | D:5      | Entered Level 5 of the Dungeon
  3004 | D:5      | Noticed Dowan
  3007 | D:5      | Reached skill level 5 in Shields
  3007 | D:5      | Noticed Duvessa
  3011 | D:5      | Killed Dowan
  3021 | D:5      | Killed Duvessa
  3213 | D:5      | Noticed Grinder
  3224 | D:5      | Reached skill level 6 in Fighting
  3226 | D:5      | Paralysed by Grinder for 2 turns
  3230 | D:5      | Killed Grinder
  3231 | D:5      | Reached XP level 8. HP: 59/71 MP: 7/7
  3305 | D:5      | Found a broken altar of Ashenzari.
  3451 | D:5      | Reached skill level 5 in Short Blades
  3677 | D:5      | Reached skill level 7 in Fighting
  3851 | D:5      | Found Julyus's Book Boutique.
  4090 | D:6      | Found a staircase to the Ecumenical Temple.
  4226 | D:6      | Reached XP level 9. HP: 68/80 MP: 8/8
  4349 | D:6      | Found a glowing drain.
  4353 | Sewer    | Entered a sewer
  4582 | Sewer    | Reached skill level 8 in Fighting
  4595 | Sewer    | Reached skill level 1 in Stealth
  4716 | D:6      | Noticed Sigmund
  4725 | D:6      | Killed Sigmund
  5165 | Temple   | Entered the Ecumenical Temple
  5241 | D:7      | HP: 3/82 [something (5)]
  5493 | D:7      | Reached skill level 9 in Fighting
  5734 | D:7      | You fall into a shaft and drop 3 floors!
  5734 | D:10     | Entered Level 10 of the Dungeon
  5784 | D:10     | Noticed a deep elf pyromancer
  5799 | D:10     | Killed a deep elf pyromancer
  5800 | D:10     | Reached XP level 10. HP: 47/91 MP: 9/9
  5804 | D:10     | Reached skill level 5 in Dodging
  6179 | D:9      | Found a flagged portal.
  6190 | Bailey   | Entered a bailey
  6202 | Bailey   | Reached skill level 10 in Fighting
  6486 | Bailey   | Noticed Prince Ribbit
  6486 | Bailey   | Noticed a vault guard
  6493 | Bailey   | Killed Prince Ribbit
  6508 | Bailey   | Killed a vault guard
  6634 | Bailey   | Noticed a vault guard
  6654 | Bailey   | Slain by a vault guard

Illustrated notes

Levels and vault maps discovered:
D:1:      dpeg_arrival_rooms_with_view, layout_rooms,
          shapermc_ecumenical_altar_mp_urbaneastern
D:2:      layout_loops_ring, basic_altar, small_statue_intersection,
          minmay_misc_feat_plants
D:3:      minmay_angry_zag, layout_rooms, chequers_serial_rivers_large_a,
          uniq_terence
D:4:      layout_basic, kennysheep_little_box, dreamdust_princess_bridge,
          minmay_tree_intersection
D:5:      layout_gridville, ashenzari_conservatory_becter, serial_shops,
          nicolae_book_shop_shelving, uniq_grinder, uniq_duvessa
D:6:      layout_cave_pools, temple_fountains, serial_column_ruins,
          column_ruins_square_medium, column_ruins_columns_straight,
          column_ruins_grid_1, column_ruins_columns_straight,
          column_ruins_open_tiny, gup_sewer_entry_spiral, uniq_sigmund
D:7:      layout_cave_pools, enter_ossuary_4, kennysheep_nub,
          minmay_misc_feat_rows, minmay_circle_x, uniq_maggie
D:9:      layout_rooms, enter_bailey_2
D:10:     layout_basic, led_sif_book, david_orc_1_choice,
          kennysheep_generic_room_2
Temple:   nicolae_temple_bog_church
Bailey:   bailey_axe_froggy_fort_hellmonk, bailey

Skill      XL: |  1  2  3  4  5  6  7  8  9 10 |
---------------+-------------------------------+-----
Fighting       | 4 5 6 7 9 10 | 10.6
Shields        | 4 5 6 7 |  7.5
Long Blades    | 3 |  3.6
Armour         | 4 5 6 7 8 9 |  9.8
Maces & Flails | 1 2 3 |  3.2
Short Blades   | 1 2 4 6 8 9 |  9.4
Dodging        | 1 2 3 4 5 |  5.8
Stealth        | 1 |  1.3

Action                     |  1- 3 |  4- 6 |  7- 9 | 10-12 || total
---------------------------+-------+-------+-------+-------++-------
  Melee: Long sword        |    55 |       |       |       ||    55
         Headbutt          |    13 |    15 |    40 |    23 ||    91
         Whip              |    55 |       |       |       ||    55
         Mace              |     3 |    13 |       |       ||    16
         Rapier            |       |   101 |   255 |   134 ||   490
 Invoke: Potion Petition   |       |       |     2 |       ||     2
    Use: Potion            |       |     1 |     6 |       ||     7
         Scroll            |       |     9 |    12 |       ||    21
   Stab: Distracted        |       |       |     1 |     1 ||     2
 Armour: Scale mail        |    64 |    34 |    82 |    21 ||   201
  Dodge: Dodged            |    71 |    44 |   107 |    33 ||   255
  Block: Buckler           |    24 |    28 |    55 |    20 ||   127
         Reflection        |       |       |     2 |       ||     2
